 Dungeon Crawl Stone Soup version 0.28.0-1-gb440e238dd (webtiles) character file.

Game seed: 8051804835619967345

189144 iguanaiguana the Imperceptible (level 19, -4/112 HPs)
             Began as a Kobold Summoner on Feb 19, 2022.
             Was the Champion of Dithmenos.
             Slain by a tarantella (7 damage)
             ... on level 4 of the Spider Nest.
             The game lasted 02:59:31 (45671 turns).

iguanaiguana the Imperceptible (Kobold Summoner)   Turns: 45671, Time: 02:59:31

Health: -4/112     AC: 27    Str:  6    XL:     19   Next: 27%
Magic:  31/31      EV: 15    Int: 29    God:    Dithmenos [******]
Gold:   829        SH:  0    Dex: 16    Spells: 4/35 levels left

rFire   . . .      SeeInvis .   y - +1 hand axe of the Blessed Realm {vamp, Int+6 Dex-2}
rCold   + . .      Faith    .   D - +2 buckler {AC+3}
rNeg    . . .      Spirit   .   C - +0 swamp dragon scales
rPois   +          Reflect  .   l - +2 helmet
rElec   .          Harm     .   K - scarf {shadows}
rCorr   .          Rampage  .   x - +2 pair of gloves
Will    +....                   H - +0 pair of boots
Stlth   ++++++....              o - amulet of magic regeneration
HPRegen 0.28/turn               f - +4 ring of protection
MPRegen 0.62/turn               T - +4 ring of protection

@: confused, slowed, wreathed by umbra, studying 2 skills, very slow
A: small, no large weapons, nightstalker 3, agile 1, cold resistance 1
a: Renounce Religion, Shadow Step, Shadow Form


You were on level 4 of the Spider Nest.
You worshipped Dithmenos.
Dithmenos was exalted by your worship.
You visited 6 branches of the dungeon, and saw 32 of its levels.
You also visited: Trove and Gauntlet.

You collected 3612 gold pieces.
You spent 2783 gold pieces at shops.

Inventory:

Hand Weapons
 n - a +11 antimagic quick blade
 y - the +1 hand axe of the Blessed Realm (weapon) {vamp, Int+6 Dex-2}
   (You found it on level 15 of the Dungeon)

   It occasionally heals its wielder for a portion of the damage dealt when it
   wounds a living foe.
   Int:       It affects your intelligence (+6).
   Dex:       It affects your dexterity (-2).
 z - the +3 quick blade of Prudence {freeze, rF+ rC+ Dex+2}
   (You found it in a treasure trove)

   It freezes those it strikes, dealing additional cold damage.
   It can also slow down cold-blooded creatures.
   Dex:       It affects your dexterity (+2).
   rF:        It protects you from fire.
   rC:        It protects you from cold.
Missiles
 b - a curare-tipped dart
 t - 2 throwing nets
 N - 7 poisoned darts
Armour
 l - a +2 helmet (worn)
 x - a +2 pair of gloves (worn)
 C - +0 swamp dragon scales (worn)
 D - a +2 buckler of protection (worn)
 H - a +0 pair of boots (worn)
 K - a scarf of shadows (worn)
Jewellery
 a - a +4 ring of protection
 f - a +4 ring of protection (left hand)
 g - a ring of fire
 o - an amulet of magic regeneration (around neck)
 A - a ring of willpower
 T - a +4 ring of protection (right hand)
 V - a +6 ring of dexterity
 Y - a ring of protection from fire
Wands
 B - a wand of digging (18) {@v3}
 G - a wand of polymorph (10)
 I - a wand of charming (18)
 L - a wand of flame (50)
 O - a wand of mindburst (21)
 S - a wand of iceblast (46) {@v2}
 U - a wand of acid (8) {@v1}
Scrolls
 e - a scroll of identify {@r1}
 h - 2 scrolls of holy word
 i - 4 scrolls of silence
 k - a scroll of fear
 m - 7 scrolls of fog
 p - a scroll of blinking {@r4}
 q - 7 scrolls of immolation
 u - 3 scrolls of magic mapping {@r5}
 v - 5 scrolls of teleportation {@r3}
 F - 2 scrolls of vulnerability
 M - a scroll of enchant armour
Potions
 c - 2 potions of attraction
 d - 2 potions of mutation
 j - 5 potions of brilliance
 r - a potion of cancellation
 s - 2 potions of magic {unknown}
 w - a potion of ambrosia {unknown}
 E - 6 potions of flight
 J - 3 potions of resistance {@q5}
 Q - 4 potions of lignification
 R - 4 potions of curing {@q1}
 W - 3 potions of might {@q3}
Miscellaneous
 P - a phantom mirror
 X - a condenser vane


   Skills:
 + Level 9.9 Fighting
 - Level 11.3 Short Blades
 + Level 6.0 Armour
 + Level 10.5 Dodging
 + Level 22.4 Stealth
 + Level 4.0 Shields
 + Level 8.8 Spellcasting
 + Level 19.6 Summonings
 + Level 7.5 Translocations
 - Level 6.0 Air Magic
 * Level 0.9 Invocations
 + Level 14.9 Evocations


You had 4 spell levels left.
You knew the following spells:

 Your Spells              Type           Power      Damage    Failure   Level
a - Summon Small Mammal   Summ           100%       N/A       0%          1
b - Call Imp              Summ           91%        N/A       0%          2
c - Call Canine Familiar  Summ           91%        N/A       1%          3
d - Summon Lightning Spi  Summ/Air       72%        N/A       1%          4
e - Summon Forest         Summ/Tloc      37%        N/A       2%          5
f - Summon Hydra          Summ           45%        N/A       5%          7
g - Swiftness             Air            47%        N/A       5%          3
h - Blink                 Tloc           100%       N/A       1%          2
i - Passage of Golubria   Tloc           54%        N/A       10%         4

Your spell library contained the following spells:

 Spells                   Type           Power      Damage    Failure   Level
 Summon Guardian Golem    Hex/Summ       63%        N/A       1%          3
 Lesser Beckoning         Tloc           54%        N/A       3%          3
 Shock                    Conj/Air       100%       1d9       6%          1
 Airstrike                Air            23%        N/A       19%         4
 Slow                     Hex            48%        N/A       22%         1
 Ensorcelled Hibernation  Hex/Ice        24%        N/A       32%         2
 Iskenderun's Mystic Bla  Conj/Tloc      34%        2d8       41%         4
 Confusing Touch          Hex            12%        N/A       54%         3
 Spider Form              Tmut/Pois      12%        N/A       54%         3
 Tukima's Dance           Hex            12%        N/A       54%         3
 Vampiric Draining        Necr           12%        2d6       54%         3
 Anguish                  Hex/Necr       6%         N/A       91%         4
 Fulminant Prism          Conj/Hex       6%         3d7       91%         4
 Hailstorm                Conj/Ice       12%        3d5       91%         4
 Ice Form                 Ice/Tmut       12%        N/A       91%         4
 Manifold Assault         Tloc           54%        N/A       26%         5
 Spellforged Servitor     Conj/Summ      31%        N/A       97%         7
 Blade Hands              Tmut           6%         N/A       99%         5
 Fireball                 Conj/Fire      6%         3d5       99%         5
 Irradiate                Conj/Tmut      6%         3d15      99%         5
 Lee's Rapid Deconstruct  Erth           6%         3d7*      99%         5
 Yara's Violent Unravell  Hex/Tmut       6%         3d5       99%         5
 Simulacrum               Ice/Necr       6%         N/A       100%        6
 Starburst                Conj/Fire      6%         6d4       100%        6
 Dragon Form              Tmut           6%         N/A       100%        7
 Orb of Destruction       Conj           6%         9d6       100%        7
 Storm Form               Tmut/Air       15%        N/A       100%        7
 Ignition                 Fire           6%         3d4       100%        8


Dungeon Overview and Level Annotations

Branches:
Dungeon (15/15)            Temple (1/1) D:4            Lair (6/6) D:9
  Swamp (4/4) Lair:4       Spider (4/4) Lair:2        Slime (0/5) Lair:5
    Orc (2/2) D:12            Elf (0/3) Orc:2        Vaults (0/5) D:13
 Depths (0/4) D:15        Gauntlet (visited)

Altars:
Ashenzari
Cheibriados
Dithmenos
Elyvilon
Fedhas
Gozag
Hepliaklqana
Kikubaaqudgha
Makhleb
Nemelex Xobeh
Okawaru
Qazlal
Ru
Sif Muna
Trog
Uskayaw
Vehumet
Wu Jian
Xom
Yredelemnul
Zin
The Shining One
Beogh
Jiyva

Shops:
D:4 *   D:6 :   D:9 (   D:10 (   Orc:2 :!([*

Annotations:
D:14 2 transporters, Kilet's ghost, adept GrEE
Lair:4 Rupert
Lair:5 exclusion: 2 oklob plants
Swamp:1 exclusion: downstairs
Swamp:2 1 exclusion, Roxanne
Swamp:3 exclusion: downstairs
Swamp:4 Lernaean hydra
Spider:3 exclusion: downstairs


Innate Abilities, Weirdness & Mutations

You are small and have problems with some larger weapons.
You are completely attuned to the shadows.
You are agile. (Dex +2)
Your flesh is cold resistant. (rC+)


Message History

The meliai stings you but does no damage.
A tarantella comes into view.
The tarantella touches you!
You are confused.
The orb spider begins to weave its threads into a brightly glowing ball.
The meliai hits you with a +0 war axe. The meliai barely misses you.
Being near the torpor snail leaves you feeling lethargic.
A wolf spider comes into view.
An entropy weaver comes into view.
The meliai hits you with a +0 scimitar!
The meliai stings you but does no damage.
The tarantella touches you but does no damage.
The entropy weaver shouts!
You hear an angry hiss.
You hear a chilling moan. x2
There is a stone staircase leading up, spattered with blood here.
You feel less confused.
You hear an angry hiss. x2
The meliai closely misses you. The meliai barely misses you.
The meliai zaps a wand.
The bolt of acid hits you! You block the meliai's attack.
The meliai barely misses you. You block the meliai's attack.
The meliai stings you but does no damage.
The meliai hits you but does no damage. The meliai misses you.
The meliai zaps a wand.
The bolt of acid hits you!!
* * * LOW HITPOINT WARNING * * *
The now-empty wand crumbles to dust.
The meliai barely misses you. The meliai completely misses you.
The meliai calls down the wrath of its god upon you.
Something smites you!
* * * LOW HITPOINT WARNING * * *
The tarantella touches you!
* * * LOW HITPOINT WARNING * * *
You are confused.
The meliai mumbles some strange prayers to its god against you.
Something smites you!
* * * LOW HITPOINT WARNING * * *
The demonic crawler shrieks in warning!
The meliai hits you but does no damage.
The meliai stings you but does no damage.
The meliai hits you but does no damage. The meliai misses you.
The tarantella touches you!
You die...

...^.#
.....##
..^sy.s
..s@y..


B.syyw# s°B.s^s ....... ....... ...^... You could see an entropy weaver, a
torpor snail, a demonic crawler (catching breath), a wolf spider, 2 orb spiders,
a pharaoh ant, 3 tarantellas and 4 meliai.

Vanquished Creatures
  A thorn hunter (Swamp:4)
  Kirke (Swamp:2)
  An emperor scorpion (Spider:3)
  Louise (Swamp:3)
  A ghoul (Swamp:3)
  An ironbound preserver (D:13)
  The ghost of joshe the Protected, a journeyman GrFi of Gozag (Spider:2)
  2 eleionomae (Swamp:1)
  3 entropy weavers
  4 spark wasps
  4 bunyips
  A shambling mangrove (Swamp:1)
  A fire dragon (D:11)
  4 boulder beetles
  7 ghost crabs
  2 jorogumos
  2 ogre magi (Orc:2)
  13 hydras
  A radroach (Spider:1)
  6 centaur warriors
  3 catoblepae
  A death knight (D:11)
  8 alligators
  7 death yaks
  9 two-headed ogres
  4 tengu warriors
  4 spriggans
  An orc high priest (Orc:1)
  3 pharaoh ants
  4 skeletal warriors
  3 orb spiders
  A bog body (Swamp:1)
  7 swamp dragons
  4 steelbarb worms
  2 orc knights
  A necromancer (D:15)
  A wizard (D:9)
  A phantasmal warrior (D:15)
  A golden dragon skeleton (D:15)
  2 deep elf pyromancers
  5 ugly things
  14 wolf spiders
  5 cyclopes
  A tengu skeleton (D:15)
  A stone giant zombie (D:15)
  3 orc sorcerers (Orc:1)
  4 manticores
  2 moths of wrath
  9 elephants
  Joseph (D:9)
  4 black mambas
  A will-o-the-wisp (Swamp:4)
  12 cane toads
  6 torpor snails
  Psyche (D:8)
  2 rime drakes (Lair:5)
  A freezing wraith (D:10)
  5 komodo dragons
  A yaktaur (D:15)
  An efreet (D:15)
  4 demonic crawlers
  A tengu conjurer (D:13)
  2 trolls
  2 polar bears
  7 meliai
  Prince Ribbit (D:6)
  8 blink frogs
  5 tyrant leeches
  25 tarantellas
  6 hornets
  4 slime creatures
  2 raiju (shapeshifter) (D:15)
  A dream sheep (Lair:6)
  6 jumping spiders
  2 shadows (D:12)
  A vampire (D:10)
  23 yaks
  2 wraiths
  2 wyverns
  10 culicivoras
  4 water elementals
  2 basilisks
  29 redbacks
  11 vampire mosquitoes
  15 swamp worms
  A warg (Orc:1)
  11 water moccasins
  2 acid dragons
  19 orc warriors
  A sky beast (D:8)
  2 necrophages
  6 swamp drakes
  A black bear (Lair:2)
  20 ogres
  8 wolves
  5 boggarts
  10 centaurs
  A phantom (D:5)
  A kobold brigand (D:7)
  11 bullfrogs
  A wyvern zombie (D:8)
  8 killer bees
  2 wights (D:8)
  12 electric eels
  3 howler monkeys
  6 nameless horrors
  3 centaur zombies
  3 jellies
  2 hounds (D:5)
  A gnoll shaman (D:9)
  15 orc priests
  10 iguanas
  20 orc wizards
  A howler monkey zombie (D:6)
  7 gnolls
  14 adders
  A white imp (D:6)
  A worm (D:2)
  2 dart slugs
  51 orcs
  4 endoplasms
  2 giant cockroaches
  A goblin (D:2)
  2 hobgoblins (D:4)
  2 quokkas
  2 ball pythons
  2 bats (D:2)
  10 frilled lizards
  4 kobolds
  3 rats
  A briar patch (Swamp:4)
  2 butterflies (Lair:4)
675 creatures vanquished.

Vanquished Creatures (collateral kills)
  Mlioglotl (Swamp:3)
  Frances (D:14)
  A juggernaut zombie (D:15)
  A broodmother (Spider:2)
  An eleionoma (Swamp:1)
  4 entropy weavers
  A bunyip (Swamp:2)
  A fire dragon (D:13)
  2 ogre magi (Orc:2)
  4 alligators
  2 catoblepae
  A centaur warrior (D:13)
  5 hydras
  9 two-headed ogres
  4 skeletal warriors
  A goliath frog (Swamp:1)
  A pharaoh ant (Spider:2)
  A death drake (Swamp:2)
  An orb spider (Spider:3)
  2 spriggan druids (Swamp:2)
  A steelbarb worm (Spider:3)
  A swamp dragon (Swamp:4)
  3 bog bodies
  2 orc sorcerers
  2 ugly things (D:15)
  A cyclops (D:14)
  A moth of wrath (Spider:4)
  4 wolf spiders (Spider:3)
  3 elephants
  3 black mambas
  2 gargoyles
  4 cane toads
  2 torpor snails (Spider:3)
  2 demonic crawlers
  A komodo dragon (shapeshifter) (D:15)
  4 komodo dragons (Lair:4)
  A kobold demonologist (D:13)
  3 trolls
  6 meliai
  A tyrant leech (Swamp:2)
  6 blink frogs
  6 tarantellas
  3 dream sheep (Lair:6)
  2 hornets (Swamp:4)
  2 slime creatures
  5 jumping spiders
  Sigmund (D:6)
  2 wyverns
  3 spriggans (Swamp:4)
  7 culicivoras
  A shadow (D:12)
  11 yaks
  A nameless horror (Spider:3)
  2 water elementals
  2 basilisks (Lair:4)
  10 vampire mosquitoes
  11 redbacks
  A warg (Orc:1)
  5 water moccasins
  6 swamp worms
  4 swamp drakes
  8 orc warriors
  A sky beast (D:5)
  Pargi (D:3)
  13 ogres
  9 wolves
  4 centaurs
  A phantom (D:5)
  A bullfrog (Lair:2)
  A wyvern zombie (D:5)
  A wyvern skeleton (D:6)
  5 killer bees
  3 wights (D:8)
  3 electric eels
  2 howler monkeys (D:13)
  A centaur zombie (D:6)
  5 hounds
  13 orc priests
  3 jellies
  3 iguanas (Lair:4)
  12 orc wizards
  10 gnolls
  4 adders
  A shadow imp (D:7)
  A white imp (D:5)
  A worm (D:3)
  40 orcs
  2 endoplasms
  2 giant cockroaches (D:2)
  5 goblins
  8 hobgoblins
  2 jackals (D:1)
  A quokka (D:3)
  3 ball pythons (D:1)
  7 frilled lizards
  6 kobolds
  4 rats
  10 briar patches (Swamp:4)
  A butterfly (Lair:2)
380 creatures vanquished.

Vanquished Creatures (others)
  4 humans (Swamp:2)
  A bush (Lair:2)
  60 fungi
  116 plants
  13 snaplasher vines
  46 withered plants
240 creatures vanquished.

Grand Total: 1295 creatures vanquished

Notes
Turn   | Place    | Note
-------+----------+-------------------------------------------
     0 | D:1      | iguanaiguana the Kobold Summoner began the quest for the
                  | Orb.
     0 | D:1      | Reached XP level 1. HP: 10/10 MP: 3/3
   369 | D:1      | Found a faded altar of an unknown god.
   605 | D:1      | Reached XP level 2. HP: 16/16 MP: 1/5
   752 | D:1      | Reached skill level 1 in Fighting
   873 | D:1      | Reached XP level 3. HP: 20/20 MP: 0/6
  1668 | D:1      | Learned a level 2 spell: Call Imp
  2287 | D:2      | Reached XP level 4. HP: 26/26 MP: 7/7
  2318 | D:2      | Reached skill level 5 in Summonings
  2329 | D:2      | Learned a level 3 spell: Call Canine Familiar
  3080 | D:3      | Noticed Pargi
  3348 | D:3      | Killed Pargi
  3349 | D:3      | Reached skill level 1 in Short Blades
  3349 | D:3      | Reached skill level 3 in Stealth
  3349 | D:3      | Reached XP level 5. HP: 22/31 MP: 3/8
  3563 | D:3      | Reached XP level 6. HP: 36/36 MP: 9/9
  3832 | D:4      | Found a glowing silver altar of Zin.
  3901 | D:4      | Reached skill level 1 in Air Magic
  4337 | D:4      | Noticed a necrophage
  4361 | D:4      | Killed a necrophage
  4362 | D:4      | Reached skill level 1 in Armour
  4408 | D:4      | Found Butar's General Store.
  4445 | D:4      | Bought a scroll of teleportation for 30 gold pieces
  4445 | D:4      | Bought a potion of invisibility for 80 gold pieces
  4483 | D:4      | Found a staircase to the Ecumenical Temple.
  4504 | Temple   | Entered the Ecumenical Temple
  4667 | D:4      | Reached skill level 4 in Stealth
  4667 | D:4      | Reached XP level 7. HP: 40/40 MP: 4/11
  5026 | D:5      | Entered Level 5 of the Dungeon
  5470 | D:5      | Reached skill level 5 in Stealth
  5470 | D:5      | Reached XP level 8. HP: 33/46 MP: 5/12
  5797 | D:5      | You fall into a shaft and drop 2 floors!
  6168 | D:6      | Reached skill level 6 in Stealth
  6281 | D:5      | Learned a level 4 spell: Summon Lightning Spire
  6412 | D:5      | Found a large runed translucent door.
  6413 | D:5      | Found a large runed translucent door.
  6445 | D:5      | Found a hide-covered altar of Uskayaw.
  6459 | D:5      | Found an iron altar of Okawaru.
  6755 | D:6      | Noticed Prince Ribbit
  6764 | D:6      | Killed Prince Ribbit
  6765 | D:6      | Reached XP level 9. HP: 41/52 MP: 14/14
  6888 | D:6      | Found Ozorphaet's Self-Improvement Boutique.
  6957 | D:6      | Identified the +5 plate armour of Xom's Reproof {rC++}
  7218 | D:6      | Reached skill level 7 in Stealth
  7765 | D:6      | Noticed Sigmund
  7788 | D:6      | Killed Sigmund
  8595 | D:7      | Reached skill level 5 in Dodging
  9149 | D:7      | Found a stormy altar of Qazlal.
  9239 | D:8      | Reached skill level 8 in Stealth
  9336 | D:8      | Reached XP level 10. HP: 47/58 MP: 16/16
  9843 | D:8      | Reached skill level 5 in Short Blades
  9992 | D:8      | Noticed Psyche
  9998 | D:8      | Killed Psyche
  9999 | D:8      | Reached skill level 5 in Fighting
 10376 | D:8      | Learned a level 3 spell: Swiftness
 10468 | D:8      | Found a blossoming altar of Fedhas.
 10479 | D:8      | Found a glowing golden altar of the Shining One.
 10682 | D:9      | Reached skill level 9 in Stealth
 11706 | D:9      | Reached skill level 5 in Spellcasting
 12108 | D:9      | Noticed a two-headed ogre
 12183 | D:9      | Noticed Joseph
 12697 | D:9      | Found a staircase to the Lair.
 12807 | D:9      | Killed a two-headed ogre
 12808 | D:9      | Reached skill level 10 in Stealth
 12808 | D:9      | Reached XP level 11. HP: 64/64 MP: 18/18
 12835 | D:9      | Found a faded altar of an unknown god.
 12840 | D:9      | Found an ornate altar of the Wu Jian Council.
 12841 | D:9      | Found a radiant altar of Vehumet.
 12841 | D:9      | Found a hazy altar of Hepliaklqana.
 12895 | D:9      | Found a faded altar of an unknown god.
 13105 | D:9      | Noticed a wizard
 13404 | D:9      | Found Byqagyno's Weapon Emporium.
 13411 | D:9      | Bought a +2 rapier of draining for 268 gold pieces
 13622 | D:10     | Entered Level 10 of the Dungeon
 13646 | D:10     | Reached skill level 5 in Air Magic
 13660 | D:10     | Noticed a two-headed ogre
 13820 | D:10     | Noticed a fire dragon
 14155 | D:10     | Killed a two-headed ogre
 14163 | D:10     | Found a shadowy altar of Dithmenos.
 14169 | D:10     | Became a worshipper of Dithmenos the Shadowed
 14274 | Lair:1   | Entered Level 1 of the Lair of Beasts
 14622 | Lair:1   | Reached skill level 11 in Stealth
 15576 | Lair:2   | Noticed a five-headed hydra
 15598 | Lair:2   | Killed a five-headed hydra
 15599 | Lair:2   | Reached XP level 12. HP: 34/71 MP: 21/21
 15881 | Lair:2   | Noticed a six-headed hydra
 15885 | Lair:2   | Killed a six-headed hydra
 16047 | Lair:2   | Found a hole to the Spider Nest.
 16058 | Lair:2   | Noticed a death yak
 16059 | Lair:2   | Noticed a death yak
 16200 | Lair:2   | Reached * piety under Dithmenos
 16201 | Lair:2   | Reached skill level 10 in Summonings
 16204 | Lair:2   | Reached skill level 12 in Stealth
 16500 | Lair:2   | Killed a death yak
 16510 | Lair:2   | Killed a death yak
 16885 | Lair:2   | Reached skill level 5 in Armour
 16968 | Lair:3   | Found a gate leading to a gauntlet.
 16974 | Gauntlet | Entered a Gauntlet
 16974 | Gauntlet | Found a transporter.
 16974 | Gauntlet | Found a transporter.
 16986 | Gauntlet | Found a transporter.
 17015 | Gauntlet | Found a transporter.
 17015 | Gauntlet | Noticed a hell hog
 17032 | Gauntlet | Found a transporter.
 17049 | Gauntlet | Found a transporter.
 17051 | Gauntlet | Noticed a sixfirhy
 17052 | Gauntlet | Noticed a sixfirhy
 17073 | Gauntlet | Found a transporter.
 17090 | Gauntlet | Found a transporter.
 17109 | Gauntlet | Noticed a soul eater
 17132 | Gauntlet | Found a transporter.
 17142 | Gauntlet | Found a transporter.
 17166 | Gauntlet | Found a transporter.
 17175 | Gauntlet | Found a transporter.
 17272 | Gauntlet | Found a transporter.
 17282 | Gauntlet | Found a transporter.
 17306 | Gauntlet | Found a transporter.
 17314 | Gauntlet | Found a transporter.
 17657 | Lair:3   | You fall into a shaft and drop 1 floor!
 17843 | Lair:3   | Noticed a six-headed hydra
 17846 | Lair:3   | Killed a six-headed hydra
 17847 | Lair:3   | Reached skill level 13 in Stealth
 17847 | Lair:3   | Reached XP level 13. HP: 76/76 MP: 23/23
 17960 | Lair:3   | Got Waliekk's Tome of Supportive Transformation
 18417 | Lair:4   | Reached ** piety under Dithmenos
 18450 | Lair:4   | Noticed a four-headed hydra
 18457 | Lair:4   | Killed a four-headed hydra
 18863 | Lair:4   | Noticed Rupert
 19071 | Lair:4   | Reached skill level 1 in Evocations
 19086 | Lair:4   | Found a staircase to the Swamp.
 19611 | Lair:4   | Noticed a catoblepas
 19634 | Lair:4   | Killed a catoblepas
 19741 | Lair:4   | Reached skill level 1 in Translocations
 20417 | Lair:5   | Reached *** piety under Dithmenos
 20500 | Lair:5   | Found a runed translucent door.
 20500 | Lair:5   | Found a viscous altar of Jiyva.
 20631 | Lair:5   | Reached skill level 14 in Stealth
 20853 | Lair:5   | Noticed a four-headed hydra
 20864 | Lair:5   | Killed a four-headed hydra
 21567 | Lair:5   | Found a staircase to the Slime Pits.
 21591 | Lair:6   | Entered Level 6 of the Lair of Beasts
 21809 | Lair:6   | Reached XP level 14. HP: 78/84 MP: 23/25
 22170 | Lair:6   | Reached **** piety under Dithmenos
 22181 | Lair:6   | Reached skill level 5 in Evocations
 22907 | Lair:6   | Reached skill level 15 in Stealth
 23451 | D:9      | Killed Joseph
 23773 | D:10     | Learned a level 5 spell: Summon Forest
 23785 | D:10     | Found Finerph's Weapon Emporium.
 23807 | D:10     | Found a broken altar of Ashenzari.
 23820 | D:10     | Found a snail-covered altar of Cheibriados.
 24196 | D:11     | Found a portal to a secret trove of treasure.
 24251 | D:11     | Reached skill level 5 in Translocations
 24261 | D:11     | Upgraded the game from 0.28.0 to 0.28.0-1-gb440e238dd
 24334 | D:11     | Reached skill level 10 in Short Blades
 25315 | D:12     | Reached XP level 15. HP: 89/89 MP: 27/27
 25366 | D:12     | Identified the +1 scale mail of Qodovev {rElec Str+8 Int-5
                  | Dex-3}
 25565 | D:12     | Reached ***** piety under Dithmenos
 25661 | D:12     | Found a staircase to the Orcish Mines.
 25686 | Orc:1    | Entered Level 1 of the Orcish Mines
 26023 | Orc:1    | Reached skill level 10 in Dodging
 26668 | Orc:2    | Entered Level 2 of the Orcish Mines
 26668 | Orc:2    | Found Olicwaamn's Book Shop.
 26682 | Orc:2    | Reached ****** piety under Dithmenos
 26912 | Orc:2    | Found a staircase to the Elven Halls.
 27118 | Orc:2    | Reached skill level 16 in Stealth
 27455 | Orc:2    | Found Vexaus's General Store.
 27455 | Orc:2    | Found Mackefab's Weapon Boutique.
 27456 | Orc:2    | Found Eprish's Antique Armour Boutique.
 27456 | Orc:2    | Found Ibigrenu's Distillery.
 27459 | Orc:2    | Bought a potion of might for 56 gold pieces
 27464 | Orc:2    | Bought a potion of mutation for 112 gold pieces
 28111 | D:6      | Bought a manual of Stealth for 880 gold pieces
 28111 | D:6      | Bought a manual of Evocations for 880 gold pieces
 28809 | D:12     | Reached skill level 17 in Stealth
 29164 | D:13     | Identified the +1 robe "Baipo" {+Blink rF- Will+++
                  | Archmagi}
 29251 | D:13     | Reached XP level 16. HP: 96/96 MP: 28/28
 29463 | D:13     | Reached skill level 18 in Stealth
 29626 | D:13     | Learned a level 7 spell: Summon Hydra
 30012 | D:13     | Identified the +2 robe of Serrenic {Rampage Int+4}
 30026 | D:13     | Reached skill level 10 in Evocations
 30063 | D:13     | Reached skill level 19 in Stealth
 30334 | D:13     | Found a gate to the Vaults.
 30645 | D:14     | Found a stormy altar of Qazlal.
 30791 | D:14     | Reached skill level 20 in Stealth
 30954 | D:14     | Noticed Frances
 31091 | D:14     | Noticed Kilet's ghost (adept GrEE)
 31153 | D:14     | Found a transporter.
 31163 | D:14     | Found a transporter.
 31500 | D:14     | Learned a level 2 spell: Blink
 31544 | D:14     | Killed Frances
 31587 | D:15     | Entered Level 15 of the Dungeon
 31669 | D:15     | Reached skill level 1 in Shields
 31676 | D:15     | Found a staircase to the Depths.
 32208 | D:15     | Found an opulent altar of Gozag.
 32224 | D:15     | Identified the +1 hand axe of the Blessed Realm {vamp,
                  | Int+6 Dex-2}
 32275 | D:15     | Found a shimmering blue altar of Sif Muna.
 32571 | D:15     | Reached skill level 21 in Stealth
 33109 | D:15     | Learned a level 4 spell: Passage of Golubria
 33250 | D:10     | Bought the +3 war axe of Uncomfortable Rashes {flame, rPois
                  | rN+} for 477 gold pieces
 33423 | Swamp:1  | Entered Level 1 of the Swamp
 33452 | Swamp:1  | Reached XP level 17. HP: 100/100 MP: 29/29
 33695 | Swamp:1  | Reached skill level 22 in Stealth
 34532 | Swamp:2  | Noticed Kirke
 34538 | Swamp:2  | Killed Kirke
 34635 | Swamp:2  | Found a snail-covered altar of Cheibriados.
 35078 | Swamp:4  | Entered Level 4 of the Swamp
 35343 | Swamp:3  | Noticed Mlioglotl
 35348 | Swamp:3  | Killed Mlioglotl
 35682 | Swamp:4  | Reached skill level 15 in Summonings
 35744 | Swamp:4  | Noticed a thorn hunter
 35774 | Swamp:4  | Killed a thorn hunter
 36033 | Swamp:4  | Noticed the 27-headed Lernaean hydra
 36127 | Swamp:3  | Noticed Louise
 36129 | Swamp:3  | Killed Louise
 36356 | D:11     | You paid a toll of a +6 demon trident to enter a treasure
                  | trove
 36357 | Trove    | Entered a treasure trove
 36360 | Trove    | Found a bloodstained altar of Trog.
 36419 | Trove    | Identified the +3 quick blade of Prudence {freeze, rF+ rC+
                  | Dex+2}
 36421 | Trove    | Identified the +4 morningstar of the Onslaught {flame, Fly
                  | rPois rF- rC+}
 36661 | Swamp:2  | Found a runed translucent door.
 37194 | D:11     | Reached XP level 18. HP: 104/105 MP: 24/30
 37554 | Swamp:2  | Identified Roxanne's Catalogue of the Rocks
 37554 | Swamp:2  | Noticed Roxanne
 39168 | Spider:1 | Entered Level 1 of the Spider Nest
 39825 | Spider:1 | Gained mutation: Armour fits poorly on your strangely
                  | shaped body. [mutagenic glow]
 39967 | D:9      | Lost mutation: Armour fits poorly on your strangely shaped
                  | body. [potion of mutation]
 39967 | D:9      | Gained mutation: Your flesh is cold resistant. (rC+)
                  | [potion of mutation]
 39967 | D:9      | Gained mutation: You are agile. (Dex +2) [potion of
                  | mutation]
 41079 | Spider:2 | Found a transporter.
 41086 | Spider:2 | Noticed joshe's ghost (journeyman GrFi)
 41094 | Spider:2 | Killed joshe's ghost
 41095 | Spider:2 | Identified the +0 cloak of Noon {Will+ rCorr Int-4}
 41121 | Spider:2 | Found a transporter.
 43560 | Spider:3 | Reached XP level 19. HP: 112/112 MP: 31/31
 44075 | Spider:3 | Identified the -6 pair of boots "Raexzoij" {Dex+4}
 44716 | Spider:4 | Entered Level 4 of the Spider Nest
 45671 | Spider:4 | HP: 3/112 [meliai/divine providence (11)]
 45671 | Spider:4 | Slain by a tarantella

Illustrated notes

Levels and vault maps discovered:
D:1:      giann_forest_graveyard, layout_basic, chequers_ecumenical_altar_simple
D:2:      layout_loops_corners
D:3:      layout_rooms, uniq_pargi
D:4:      layout_loops_ring, zin_scriptorium, minmay_temple_entry_hall,
          serial_shops, shop
D:5:      layout_rooms, jmf_multi_god_temple2
D:6:      layout_basic, nicolae_shop_self_help, uniq_prince_ribbit1,
          uniq_sigmund
D:7:      layout_gridville, kennysheep_mini
D:8:      layout_cave_pods, amethyst_overflow_temple_binary, uniq_psyche
D:9:      cheibrodos_wizards_tower, layout_gridville,
          chequers_temple_overflow_minitemple, erik_lair_island,
          serial_co_window_serial, co_window_paths_b, co_window_paths_a,
          co_window_paths_b, co_window_paths_b, co_window_paths_a,
          co_window_unsneaky_path_b, co_window_of_opportunity_b,
          co_window_paths_c, co_window_unsneaky_path_b, co_window_corner_ca,
          co_window_of_opportunity_c, co_window_of_opportunity_c,
          co_window_4corner_b, glass_columns_a, glass_columns_c,
          glass_columns_b, serial_shops, nicolae_shop_window_shopping,
          uniq_joseph
D:10:     layout_basic, cheibriados_altar_1, grunt_dithmenos_smoke,
          ashenzari_altar_1, serial_shops, nicolae_shop_bloodbath_and_beyond
D:11:     dragon1_lemuel, layout_small_grid, enter_trove_3
D:12:     layout_irregular_city, erik_orc_2
D:13:     layout_basic, skrybe_vaults_entry_preservation
D:14:     layout_loops_ring, gammafunk_ghost_abyssal_escape,
          nicolae_qazlal_general_emergency, uniq_frances
D:15:     gammafunk_depths_entry_grave, layout_basic, grunt_gozag_breadcrumbs,
          nicolae_sif_muna_condensation
Temple:   compressed_dpeg_circular_temple
Lair:1:   layout_gridlike, grunt_megastairs_2, lemuel_fruit_tree
Lair:2:   statuecave_lemuel, layout_loops_ring,
          hellmonk_spider_entry_not_the_bees, grunt_megastairs_4,
          lemuel_fruit_fields, lemuel_fruit_fields
Lair:3:   layout_small_grid, gauntlet_entry_generic
Lair:4:   lemuel_reptile_caves, layout_regular_city, swamp_mist,
          lemuel_fruit_fields, serial_bayou_shore_a, uniq_rupert
Lair:5:   minmay_lair_venomous_thicket, layout_regular_city, slime_altar_2,
          eino_small_chamber_without_monster
Lair:6:   evilmike_catoblepas_cave, layout_gridlike
Swamp:1:  layout_falls_marsh, evilmike_swamp_ruin_house_2,
          infiniplex_staircase_pool_2
Swamp:2:  gammafunk_mikee_crab_dinner, layout_basic_swamp,
          lemuel_altar_in_water2, swamp_pool5, uniq_kirke, uniq_roxanne
Swamp:3:  layout_basic_swamp, evilmike_swamp_ruin_house_1, uniq_mlioglotl,
          uniq_louise
Swamp:4:  swamp_old_school, layout_basic_swamp
Spider:1: layout_spider_delve
Spider:2: layout_chambers, gammafunk_ghost_berserking_beasts,
          nicolae_spider_bug_shape
Spider:3: layout_cave_pods
Spider:4: spider_rune_water, nicolae_spider_undead_wolf_pack
Orc:1:    nicolae_orc_accident_1, layout_caves, minmay_orc_temple_c
Orc:2:    st_orc_ogre_mass, layout_diamond_mine, serial_shops, shop

Skill      XL: |  1  2  3  4  5  6  7  8  9 10 11 12 13 14 15 16 17 18 |
---------------+-------------------------------------------------------+-----
Fighting       | 1 2 3 4 5 6 7 8 9 |  9.9
Summonings     | 5 6 7 8 9 10 11 12 13 15 19 | 19.6
Short Blades   | 1 2 3 4 6 7 8 9 10 11 | 11.3
Stealth        | 3 4 5 6 8 10 11 13 14 15 17 21 22 | 22.4
Air Magic      | 1 2 3 4 5 6 |  6.0
Armour         | 1 2 3 4 5 6 |  6.0
Dodging        | 3 4 5 6 7 8 9 10 | 10.5
Spellcasting   | 3 4 5 6 7 8 |  8.8
Evocations     | 4 6 7 13 14 | 14.9
Translocations | 3 5 7 |  7.5
Shields        | 4 |  4.0
Invocations    | |  0.9

Action                   |  1- 3 |  4- 6 |  7- 9 | 10-12 | 13-15 | 16-18 | 19-21 || total
-------------------------+-------+-------+-------+-------+-------+-------+-------++-------
Melee: Whip              |     3 |       |       |       |       |       |       ||     3
       Short sword       |     2 |       |       |       |       |       |       ||     2
       Trident           |       |    25 |       |       |       |       |       ||    25
       Dagger            |       |    23 |   165 |   115 |       |       |       ||   303
       Punch             |       |       |     3 |     2 |    19 |     4 |       ||    28
       Rapier            |       |       |       |   160 |   682 |   459 |       ||  1301
       Quick blade       |       |       |       |       |       |   581 |    33 ||   614
       War axe           |       |       |       |       |       |    41 |       ||    41
       Hand axe          |       |       |       |       |       |     7 |     1 ||     8
Throw: Throwing net      |       |       |       |     5 |     1 |       |       ||     6
       Dart              |       |       |       |       |    11 |       |       ||    11
 Cast: Summon Small Mamm |    36 |     4 |    20 |    22 |     1 |       |       ||    83
       Call Imp          |     7 |     9 |    18 |    14 |     6 |       |       ||    54
       Call Canine Famil |       |     7 |    27 |    38 |    29 |    19 |     1 ||   121
       Summon Lightning  |       |       |       |    46 |    85 |    89 |     3 ||   223
       Swiftness         |       |       |       |     1 |     3 |     6 |       ||    10
       Summon Forest     |       |       |       |       |    22 |    53 |     1 ||    76
       Passage of Golubr |       |       |       |       |       |     8 |       ||     8
       Summon Hydra      |       |       |       |       |       |    29 |    19 ||    48
Invok: Shadow Step       |       |       |       |       |       |     4 |     3 ||     7
Evoke: Wand              |       |       |     4 |     2 |    10 |    11 |       ||    27
       Phantom mirror    |       |       |       |       |     2 |     1 |       ||     3
       Condenser vane    |       |       |       |       |       |     3 |       ||     3
  Use: Scroll            |       |     4 |     3 |     9 |    12 |    20 |     2 ||    50
       Potion            |       |       |     2 |     6 |     2 |     9 |     1 ||    20
 Stab: Sleeping          |       |    10 |    22 |    40 |    90 |   143 |    30 ||   335
       Distracted        |       |       |     3 |    10 |    39 |    48 |       ||   100
       Held in net/web   |       |       |       |     4 |       |       |       ||     4
Armor: Robe              |     3 |    20 |    34 |    22 |       |       |       ||    79
       Troll leather arm |       |       |       |    83 |   156 |   201 |       ||   440
       Swamp dragon scal |       |       |       |       |       |   204 |    55 ||   259
Dodge: Dodged            |    14 |    35 |   121 |   361 |   612 |   812 |   108 ||  2063
Block: Buckler           |       |       |       |       |       |   313 |    38 ||   351
